 Dungeon Crawl Stone Soup version 0.23-a0-644-gb60d84b635 (webtiles) character file.

3632 Mazzaar the Geomancer (level 10, -2/58 HPs)
             Began as a Gargoyle Earth Elementalist on Jan 2, 2019.
             Was an Initiate of Vehumet.
             Slain by a two-headed ogre
             ... wielding a +0 giant club
              (23 damage)
             ... on level 8 of the Dungeon.
             The game lasted 00:33:05 (8442 turns).

Mazzaar the Geomancer (Gargoyle Earth Elementalist) Turns: 8442, Time: 00:33:06

Health: -2/58      AC: 13    Str: 14    XL:     10   Next: 11%
Magic:  24/28      EV: 13    Int: 19    God:    Vehumet [......]
Gold:   461        SH:  0    Dex: 10    Spells: 12/21 levels left

rFire    . . .     SeeInvis .   o - +7 flail (venom)
rCold    + . .     Gourm    .   (no shield)
rNeg     + . .     Faith    .   c - +0 robe
rPois    ∞         Spirit   .   h - +1 hat
rElec    +         Reflect  .   (no cloak)
rCorr    .         Harm     .   r - +2 pair of gloves
MR       .....                  (no boots)
Stlth    ++........             (no amulet)
HPRegen  0.19/turn              k - ring of magical power
MPRegen  0.21/turn              l - ring of wizardry

@: no status effects
A: horns 1, cold resistance 1, negative energy resistance 1, electricity
resistance, strong 1, unbreathing, petrification resistance, rot immunity,
subdued magic 1, AC +7
a: Renounce Religion


You were on level 8 of the Dungeon.
You worshipped Vehumet.
Vehumet was noncommittal.
You were not hungry.

You visited 2 branches of the dungeon, and saw 9 of its levels.

You collected 461 gold pieces.

Inventory:

Hand Weapons
 a - a +4 dagger
 o - a +7 flail of venom (weapon)
 q - a +0 flail
Missiles
 b - 182 stones (quivered)
Armour
 c - a +0 robe (worn)
 e - a +2 helmet
 h - a +1 hat (worn)
 r - a +2 pair of gloves (worn)
Jewellery
 k - a ring of magical power (left hand)
 l - a ring of wizardry (right hand)
 u - a +4 ring of intelligence {unknown}
 w - an uncursed ring of resist corrosion
 y - an uncursed ring of magical power
Wands
 g - a wand of iceblast (8)
 v - a wand of flame (49)
 D - a wand of disintegration (11)
Scrolls
 f - 3 scrolls of fear
 j - a scroll of immolation
 n - 2 scrolls of remove curse
 s - 6 scrolls of teleportation
 C - a scroll of identify
Potions
 i - 2 potions of haste
 m - 2 potions of ambrosia
 p - a potion of flight
 t - a potion of cancellation
 x - a potion of magic
 z - a potion of lignification
 A - 4 potions of heal wounds
 E - 3 potions of might
Comestibles
 d - 11 rations
 B - 5 chunks of flesh


   Skills:
 + Level 4.5 Fighting
 + Level 4.0 Maces & Flails
 + Level 4.3 Armour
 + Level 3.7 Dodging
 - Level 2.1 Stealth
 + Level 6.0 Spellcasting
 + Level 6.1 Conjurations
   Level 0.7 Transmutations
 + Level 8.2 Earth Magic
 + Level 3.5 Evocations


You had 12 spell levels left.
You knew the following spells:

 Your Spells              Type           Power        Failure   Level  Hunger
a - Sandblast             Erth           ####..       1%          1    None
b - Stone Arrow           Conj/Erth      ####..       1%          3    ##.....
c - Lee's Rapid Deconstr  Erth           ####......   3%          5    #####..

Your spell library contained the following spells:

 Spells                   Type           Power        Failure   Level  Hunger
 Passwall                 Tmut/Erth      ###.....     1%          2    None
 Animate Skeleton         Necr           N/A          3%          1    None
 Apportation              Tloc           #.....       3%          1    None
 Confusing Touch          Hex            #.....       3%          1    None
 Corona                   Hex            #......      3%          1    None
 Summon Small Mammal      Summ           #...         3%          1    None
 Dazzling Spray           Conj/Hex       ##....       3%          3    ##.....
 Ensorcelled Hibernation  Hex/Ice        #.....       6%          2    None
 Slow                     Hex            #.......     6%          2    None
 Petrify                  Tmut/Erth      ###.....     6%          4    ####...
 Confuse                  Hex            #.......     12%         3    ##.....
 Spectral Weapon          Hex/Chrm       #.......     12%         3    ##.....
 Tukima's Dance           Hex            #.......     12%         3    ##.....


Dungeon Overview and Level Annotations

Branches:
Dungeon (8/15)             Temple (1/1) D:5
   Lair: D:8-11

Altars:
Ashenzari
Cheibriados
Dithmenos
Elyvilon
Fedhas
Gozag
Hepliaklqana
Kikubaaqudgha
Makhleb
Nemelex Xobeh
Okawaru
Qazlal
Ru
Sif Muna
Trog
Uskayaw
Vehumet
Wu Jian
Xom
Yredelemnul
Zin
The Shining One

Shops:
D:7 [


Innate Abilities, Weirdness & Mutations

You are resistant to torment.
Your stone body is resilient. (AC +7)
You are immune to poison.
You resist negative energy. (rN+)
You are resistant to electric shocks. (rElec)
You can survive without breathing.
You are immune to petrification.
You are immune to rotting.
You have a pair of small horns on your head.
Your flesh is cold resistant. (rC+)
Your muscles are strong. (Str +2)
Your spells are a little easier to cast, but a little less powerful.


Message History

Your orc dissolves into shadows! x3
Casting: Sandblast (safe; 1% risk of failure)
Confirm with . or Enter, or press ? or * to list all spells.
Aiming: Stone Arrow (safe; 1% risk of failure)
Press: ? - help, Shift-Dir - straight line, f/p - two-headed ogre
Aim: a two-headed ogre, wielding two +0 giant clubs (heavily wounded) Really fire in your necrophage's direction?
The stone arrow hits the two-headed ogre.
The two-headed ogre is severely wounded.
Casting: Stone Arrow (safe; 1% risk of failure)
Confirm with . or Enter, or press ? or * to list all spells.
Aiming: Sandblast (safe; 1% risk of failure)
Press: ? - help, Shift-Dir - straight line, f/p - two-headed ogre
Aim: a two-headed ogre, wielding two +0 giant clubs (severely wounded) Really fire in your necrophage's direction?
The blast of sand hits the two-headed ogre.
The two-headed ogre is almost dead.
b - 182 stones The two-headed ogre hits you with a +0 giant club!! x2
You die...

#...##.......
#.########...##:o.....
#............##.......
#......$....(##.......
#.........o..'..o..###
#.!..........#######
#..........(.#
#..........$#
#...@O.n....#
#.......)...#
#######.#...# #......#
#......# #....#.#
#...$#.# .....#.#


You could see a two-headed ogre, a friendly necrophage and a friendly orc.

Vanquished Creatures
  A two-headed ogre (D:6)
  Sigmund (D:4)
  The ghost of HereIgoKillingAgain the Slasher, an amateur DsGl (D:4)
  Edmund (D:4)
  Menkaure (D:6)
  A water moccasin (D:8)
  A phantom (D:6)
  3 ogres
  A centaur (D:7)
  6 bullfrogs
  2 scorpions
  11 killer bees
  3 electric eels (D:6)
  2 crimson imps
  A quasit (D:4)
  5 orc wizards
  2 bullfrog skeletons
  3 orc priests
  A jelly (D:6)
  Ijyb (D:3)
  An iguana (D:6)
  6 worker ants
  5 adders
  3 gnolls (D:2)
  2 shadow imps
  2 oozes
  2 adder skeletons
  A worm (D:2)
  2 dart slugs
  3 leopard geckos
  18 orcs
  9 bats
  4 giant cockroaches
  9 goblins
  5 hobgoblins
  12 jackals
  6 quokkas
  A ball python (D:1)
  3 frilled lizards
  10 kobolds
  4 rats
156 creatures vanquished.

Vanquished Creatures (collateral kills)
  A centaur (D:8)
1 creature vanquished.

Grand Total: 157 creatures vanquished

Notes
Turn   | Place    | Note
-------+----------+-------------------------------------------
     0 | D:1      | Mazzaar the Gargoyle Earth Elementalist began the quest for
                  | the Orb.
     0 | D:1      | Reached XP level 1. HP: 10/10 MP: 3/3
    86 | D:1      | Reached skill level 4 in Earth Magic
    86 | D:1      | Reached XP level 2. HP: 15/15 MP: 5/5
   936 | D:2      | Reached XP level 3. HP: 19/19 MP: 6/6
   948 | D:2      | Learned a level 3 spell: Stone Arrow
  1242 | D:2      | Found a burning altar of Makhleb.
  1686 | D:2      | Reached skill level 1 in Conjurations
  1686 | D:2      | Reached XP level 4. HP: 24/24 MP: 6/8
  2265 | D:3      | Reached skill level 5 in Earth Magic
  2426 | D:3      | Reached XP level 5. HP: 8/28 MP: 10/10
  2436 | D:3      | Learned a level 5 spell: Lee's Rapid Deconstruction
  2782 | D:3      | Noticed Ijyb
  2807 | D:3      | Killed Ijyb
  3087 | D:3      | Found a deep blue altar of Sif Muna.
  3135 | D:3      | Reached XP level 6. HP: 26/32 MP: 11/11
  3373 | D:4      | Identified the Reference Book on Creative Hexes
  3818 | D:4      | Reached skill level 6 in Earth Magic
  4053 | D:4      | Noticed HereIgoKillingAgain's ghost (amateur DsGl)
  4054 | D:4      | Found a transporter.
  4086 | D:4      | Noticed Edmund
  4110 | D:4      | Killed Edmund
  4110 | D:4      | Reached XP level 7. HP: 23/36 MP: 1/13
  4385 | D:4      | Found a shimmering altar of Xom.
  4387 | D:4      | Found a basalt altar of Yredelemnul.
  4387 | D:4      | Found a radiant altar of Vehumet.
  4390 | D:4      | Found a hide-covered altar of Uskayaw.
  4390 | D:4      | Found a sparkling altar of Nemelex Xobeh.
  4390 | D:4      | Found a basalt altar of Yredelemnul.
  4438 | D:4      | Found a transporter.
  4484 | D:4      | Noticed Sigmund
  4491 | D:4      | Killed Sigmund
  4697 | D:4      | Gained mutation: Your spells are a little easier to cast,
                  | but a little less powerful. [potion of mutation]
  4697 | D:4      | Gained mutation: Your muscles are strong. (Str +2) [potion
                  | of mutation]
  4697 | D:4      | Gained mutation: You have a pair of small horns on your
                  | head. [potion of mutation]
  4697 | D:4      | Gained mutation: Your flesh is cold resistant. (rC+)
                  | [potion of mutation]
  4707 | D:4      | Reached skill level 1 in Fighting
  4707 | D:4      | Reached skill level 1 in Maces & Flails
  4707 | D:4      | Reached skill level 1 in Armour
  4711 | D:4      | Killed HereIgoKillingAgain's ghost
  4711 | D:4      | Reached skill level 1 in Evocations
  4711 | D:4      | Reached XP level 8. HP: 37/43 MP: 2/15
  4870 | D:5      | Entered Level 5 of the Dungeon
  5159 | D:5      | Found a staircase to the Ecumenical Temple.
  5165 | Temple   | Entered the Ecumenical Temple
  5795 | D:6      | Reached skill level 7 in Earth Magic
  5800 | D:6      | Reached skill level 5 in Spellcasting
  6076 | D:6      | Found a transporter.
  6078 | D:6      | Found a transporter.
  6115 | D:6      | Noticed a two-headed ogre
  6125 | D:6      | Killed a two-headed ogre
  6125 | D:6      | Reached skill level 5 in Conjurations
  6125 | D:6      | Reached XP level 9. HP: 35/51 MP: 7/17
  6415 | D:6      | Noticed Menkaure
  6421 | D:6      | Killed Menkaure
  7670 | D:6      | Reached skill level 8 in Earth Magic
  7918 | D:7      | Found a hide-covered altar of Uskayaw.
  7918 | D:7      | Found a shattered altar of Ashenzari.
  7933 | D:7      | Reached XP level 10. HP: 58/58 MP: 18/18
  7993 | D:7      | Found Pouseeryext's Antique Armour Boutique.
  8045 | D:7      | Found a basalt altar of Yredelemnul.
  8046 | D:7      | Found a glowing golden altar of the Shining One.
  8062 | D:7      | Found a radiant altar of Vehumet.
  8063 | D:7      | Found a glowing silver altar of Zin.
  8072 | D:7      | Became a worshipper of Vehumet
  8430 | D:8      | Noticed a two-headed ogre
  8442 | D:8      | Slain by a two-headed ogre

Vault maps used:
D:1:      erik_arrival_blinker_ship
D:2:      bloody_makhleb
D:3:      old_standard_altar, uniq_ijyb
D:4:      gammafunk_ghost_arena, first_ration, doesnt_xom_only_xom, uniq_edmund,
          uniq_sigmund
D:5:      minmay_temple_entry_drinking_statues
D:6:      gammafunk_steamed_eel, supply_closet_lemuel, uniq_menkaure
D:7:      grunt_temple_overflow_open, serial_shops, nicolae_shop_waterfront
Temple:   dshaligram_water_room_temple

Skill      XL: |  1  2  3  4  5  6  7  8  9 10 |
---------------+-------------------------------+-----
Earth Magic    | 4 5 6 7 8 |  8.2
Conjurations   | 1 2 4 5 6 |  6.1
Spellcasting   | 3 4 5 6 |  6.0
Fighting       | 1 3 4 |  4.5
Maces & Flails | 1 2 3 4 |  4.0
Armour         | 1 3 4 |  4.3
Dodging        | 2 3 |  3.7
Evocations     | 1 2 3 |  3.5
Stealth        | |  2.1
Transmutations | |  0.7

Action                   |  1- 3 |  4- 6 |  7- 9 | 10-12 || total
-------------------------+-------+-------+-------+-------++-------
Melee: Dagger            |    86 |    92 |       |       ||   178
       Flail             |       |       |    82 |     9 ||    91
       Headbutt          |       |       |     8 |     1 ||     9
 Cast: Sandblast         |     6 |    45 |    35 |     6 ||    92
       Stone Arrow       |       |    10 |    15 |     1 ||    26
       Lee's Rapid Decon |       |     7 |    15 |       ||    22
Evoke: Wand              |       |       |     4 |       ||     4
  Use: Scroll            |       |    12 |    11 |     4 ||    27
       Potion            |       |     1 |     1 |       ||     2
 Stab: Sleeping          |    10 |       |     2 |     1 ||    13
  Eat: Chunk             |     2 |     8 |    13 |     2 ||    25
       Ration            |       |     1 |     1 |       ||     2
Armor: Robe              |    24 |    54 |    70 |     5 ||   153
Dodge: Dodged            |    45 |    83 |   160 |    14 ||   302

Table legend:
 A = Non-vault XP
 B = Vault XP
 C = Vault XP percentage of total XP
 D = Non-vault monster count
 E = Vault monster count
 F = Vault count percentage of total count
                 A         B        C        D         E       F
            +---------+---------+-------+---------+---------+-------
      Total |    4178 |    1011 |  19.5 |     146 |      11 |   7.0
            +---------+---------+-------+---------+---------+-------
        D:1 |      27 |       0 |   0.0 |      12 |       0 |   0.0
        D:2 |     118 |       0 |   0.0 |      33 |       0 |   0.0
        D:3 |     155 |      36 |  18.8 |      28 |       1 |   3.4
        D:4 |     241 |     645 |  72.8 |      16 |       6 |  27.3
        D:5 |     121 |       0 |   0.0 |       5 |       0 |   0.0
        D:6 |    2000 |     330 |  14.2 |      28 |       4 |  12.5
        D:7 |    1052 |       0 |   0.0 |      18 |       0 |   0.0
        D:8 |     464 |       0 |   0.0 |       6 |       0 |   0.0
            +---------+---------+-------+---------+---------+-------
